 Dungeon Crawl Stone Soup version 0.29.1-12-g30fa7ad0bf (webtiles) character file.

Game seed: 9945534295311707844

89 DemonSlayer the Digger (level 4, -2/31 HPs)
             Began as a Demonspawn Earth Elementalist on Jan 17, 2023.
             Was an Initiate of Yredelemnul.
             Succumbed to a gnoll's poison
             ... on level 4 of the Dungeon.
             The game lasted 00:05:48 (1106 turns).

DemonSlayer the Digger (DsEE)                       Turns: 1106, Time: 00:05:48

Health: -2/31      AC:  4    Str:  8    XL:     4   Next: 31%
Magic:  5/7        EV: 11    Int: 21    God:    Yredelemnul [......]
Gold:   68         SH:  0    Dex: 13    Spells: 4/7 levels left

rFire   . . .      SeeInvis .   d - +0 sling
rCold   . . .      Faith    .   (no shield)
rNeg    . . .      Spirit   .   e - +0 leather armour
rPois   .          Reflect  .   (no helmet)
rElec   .          Harm     .   (no cloak)
rCorr   .          Rampage  .   f - +0 pair of gloves
Will    .....                   (no boots)
Stlth   ++........              (no amulet)
HPRegen 0.10/turn               (no ring)
MPRegen 0.10/turn               (no ring)

@: lethally poisoned (-2 -> -11), flying
A: spiny 1, big brain 1
a: Renounce Religion, Recall Undead Harvest


You were on level 4 of the Dungeon.
You worshipped Yredelemnul.
Yredelemnul was noncommittal.
You visited 1 branch of the dungeon, and saw 3 of its levels.

You collected 68 gold pieces.

Inventory:

Hand Weapons
 a - a +0 hand axe
 d - a +0 sling (weapon)
Armour
 e - a +0 leather armour (worn)
 f - a +0 pair of gloves (worn)
Scrolls
 c - a scroll of vulnerability
 i - a scroll of noise
Potions
 b - a potion of magic


   Skills:
 + Level 0.7 Fighting
 + Level 2.3 Ranged Weapons
 + Level 0.1 Armour
 + Level 2.1 Dodging
 + Level 1.8 Stealth
 + Level 2.2 Spellcasting
 + Level 1.1 Transmutations
 + Level 3.1 Earth Magic


You had 4 spell levels left.
You knew the following spells:

 Your Spells              Type           Power      Damage    Failure   Level
a - Sandblast             Erth           30%        2d9       5%          1
b - Passwall              Tmut/Erth      9%         N/A       13%         2

Your spell library contained the following spells:

 Spells                   Type           Power      Damage    Failure   Level
 Apportation              Tloc           4%         N/A       22%         1
 Necrotise                Necr           8%         1d4       22%         1
 Summon Small Mammal      Summ           8%         N/A       22%         1
 Stone Arrow              Conj/Erth      18%        3d8       32%         3
 Petrify                  Tmut/Erth      11%        N/A       65%         4


Dungeon Overview and Level Annotations

Branches:
Dungeon (2/15)

Altars:
Yredelemnul

Shops:
D:4 *


Innate Abilities, Weirdness & Mutations

You are partially covered in sharp spines.
You have an unusually large brain. (Int +2)


Message History

Casting: Sandblast (safe; 5% risk of failure)
Confirm with . or Enter, or press ? or * to list all spells.
Aiming: Sandblast (safe; 5% risk of failure)
Press: ? - help, Shift-Dir - straight line, f/p - gnoll
Aim: a gnoll, wielding a +0 club (lightly wounded, 84% to hit)
The blast of sand hits the gnoll!
The gnoll is heavily wounded.
You feel sick. The gnoll closely misses you. The gnoll misses you.
Casting: Sandblast (safe; 5% risk of failure)
Confirm with . or Enter, or press ? or * to list all spells.
Aiming: Sandblast (safe; 5% risk of failure)
Press: ? - help, Shift-Dir - straight line, f/p - gnoll
Aim: a gnoll, wielding a +0 club (heavily wounded, 84% to hit)
The blast of sand hits the gnoll!
You kill the gnoll!
You feel sick. The gnoll misses you. The gnoll hits you with a +0 flail.
* * * LOW HITPOINT WARNING * * *
The gnoll hits you from afar with a +0 halberd of venom!
* * * LOW HITPOINT WARNING * * *
You are more poisoned.
Unknown command.
Unknown command.
Unknown command.
Really attack while wielding your +0 sling? [Y]es or [N]o only, please.
Really attack while wielding your +0 sling? [Y]es or [N]o only, please.
Really attack while wielding your +0 sling? [Y]es or [N]o only, please.
Really attack while wielding your +0 sling? [Y]es or [N]o only, please.
Really attack while wielding your +0 sling? [Y]es or [N]o only, please.
Really attack while wielding your +0 sling? [Y]es or [N]o only, please.
Really attack while wielding your +0 sling?
You barely miss the gnoll.
The gnoll is lightly wounded.
You die...
Your body rises from the dead as a mindless zombie.

.gg...# ......#
### .g..... #.#
....... #@###
......#
##gg#####.....#
##....).......#
#..####......##
#...# ###....#
#.#.## #..)#
##...# #..##
##..######..#####
#...#.......ยง...


You could see 2 gnolls.

Vanquished Creatures
  A hound (D:4)
  2 gnolls (D:4)
  An adder (D:2)
  A dart slug (D:1)
  2 endoplasms (D:1)
  2 giant cockroaches
  3 hobgoblins (D:1)
  2 jackals (D:1)
  A quokka (D:1)
  2 frilled lizards (D:1)
  6 goblins
  2 kobolds
  5 rats
30 creatures vanquished.

Vanquished Creatures (others)
  A giant cockroach zombie (D:4)
  A gnoll zombie (D:4)
2 creatures vanquished.

Grand Total: 32 creatures vanquished

Notes
Turn   | Place    | Note
-------+----------+-------------------------------------------
     0 | D:1      | DemonSlayer the Demonspawn Earth Elementalist began the
                  | quest for the Orb.
     0 | D:1      | Reached XP level 1. HP: 13/13 MP: 3/3
   178 | D:1      | Reached skill level 1 in Transmutations
   336 | D:1      | Gained mutation: You are partially covered in sharp spines.
                  | [demonic ancestry]
   336 | D:1      | Reached XP level 2. HP: 19/19 MP: 3/5
   608 | D:1      | Reached skill level 1 in Ranged Weapons
   761 | D:1      | Learned a level 2 spell: Passwall
   852 | D:2      | Found a basalt altar of Yredelemnul.
   901 | D:2      | Became a worshipper of Yredelemnul the Dark
   958 | D:2      | Gained mutation: You have an unusually large brain. (Int
                  | +2) [demonic ancestry]
   958 | D:2      | Reached XP level 3. HP: 25/25 MP: 3/6
   986 | D:2      | Found a faded altar of an unknown god.
   999 | D:2      | You fall into a shaft and drop 2 floors!
   999 | D:4      | Found Reavooll's General Store.
  1034 | D:4      | Reached skill level 3 in Earth Magic
  1084 | D:4      | Reached XP level 4. HP: 31/31 MP: 5/7
  1105 | D:4      | HP: 1/31 [gnoll/+0 halberd of venom (7)]
  1106 | D:4      | Succumbed to a gnoll's poison

Illustrated notes

Levels and vault maps discovered:
D:1:      minmay_arrival_plants_in_alcoves, layout_rooms
D:2:      layout_basic, hellmonk_ecumenical_altar_crossroads, basic_altar,
          uniq_sigmund
D:4:      layout_layer_cave, st_stairs_13, minmay_misc_feat_secret_circle,
          nicolae_inconvenience_store, minmay_checkerbox, uniq_ijyb

Skill      XL: |  1  2  3 |
---------------+----------+-----
Transmutations | 1 |  1.1
Ranged Weapons | 1 2 |  2.3
Dodging        | 2 |  2.1
Earth Magic    | 3 |  3.1
Fighting       | |  0.7
Armour         | |  0.1
Stealth        | |  1.8
Spellcasting   | |  2.2

Action                   |  1- 3 |  4- 6 || total
-------------------------+-------+-------++-------
Melee: Sling             |       |     1 ||     1
 Fire: Sling             |    67 |     4 ||    71
 Cast: Sandblast         |    19 |     2 ||    21
  Use: Scroll            |       |     2 ||     2
       Potion            |       |     1 ||     1
Armor: Leather armour    |     4 |       ||     4
Dodge: Dodged            |    14 |    10 ||    24
